 Dungeon Crawl Stone Soup version 0.32-a0-540-g866d13106e (webtiles) character file.

Game seed: 10619626642313745783

1439 lunkers the Carver (level 8, -2/56 HPs)
             Began as a Coglin Gladiator on Feb 29, 2024.
             Succumbed to a hornet's poison
             ... on level 6 of the Dungeon.
             The game lasted 00:06:08 (4996 turns).

lunkers the Carver (Coglin Gladiator)               Turns: 4996, Time: 00:06:08

Health: -2/56      AC:  6    Str: 17    XL:     8   Next: 74%
Magic:  8/8        EV: 11    Int:  7    God:
Gold:   274        SH:  5    Dex: 16    Spells: 7/7 levels left

rFire   . . .        a - +0 long sword {Liesl}
rCold   . . .        r - +0 dagger (elec) {Teghnoor}
rNeg    . . .        f - +0 ring mail
rPois   .            c - +0 helmet
rElec   .            (no cloak)
rCorr   .            (no gloves)
SInv    .            (no boots)
Will    .....        p - amulet of reflection
Stlth   +            (ring unavailable)
HPRegen 0.29/turn    (ring unavailable)
MPRegen 0.11/turn

%: reflection
@: lethally poisoned (-2 -> -13)
A: off-hand wielding, slow wielding, warmup strikes, no rings
a: no special abilities


You were on level 6 of the Dungeon.
You visited 1 branch of the dungeon, and saw 6 of its levels.

You collected 274 gold pieces.

Inventory:

Hand Weapons
 a - a +0 long sword (weapon) {Liesl}
 r - a +0 dagger of electrocution (offhand) {Teghnoor}
Missiles
 d - 3 throwing nets
 e - a javelin
Armour
 c - a +0 helmet (worn)
 f - a +0 ring mail (worn)
 x - a +1 chain mail of cold resistance
Jewellery
 p - an amulet of reflection (around neck)
 y - an amulet of guardian spirit
Wands
 m - a wand of flame (23)
 u - a wand of acid (11)
 w - a wand of mindburst (12)
Scrolls
 h - 2 scrolls of teleportation {unknown}
 k - 2 scrolls of enchant weapon {unknown}
 l - 3 scrolls of revelation {unknown}
 o - a scroll of identify {unknown}
 s - 2 scrolls of torment {unknown}
 v - a scroll of fog {unknown}
Potions
 b - a potion of mutation {unknown}
 g - 4 potions of curing {unknown}
 i - a potion of lignification {unknown}
 j - a potion of invisibility {unknown}
 n - a potion of cancellation {unknown}
 q - 2 potions of haste {unknown}
 t - a potion of magic {unknown}
 z - a potion of attraction {unknown}
 A - a potion of degeneration {unknown}
 B - a potion of enlightenment {unknown}


   Skills:
 - Level 2.0 Fighting
 + Level 10.9 Long Blades
 - Level 1.7 Throwing
 - Level 2.6 Dodging


You had 7 spell levels left.
You didn't know any spells.
Your spell library contained the following spells:

 Spells                   Type           Power      Damage    Failure   Level
 Summon Small Mammal      Summ           0%         N/A       65%         1
 Call Canine Familiar     Summ           0%         N/A       95%         3
 Summon Blazeheart Golem  Fire/Summ      0%         N/A       100%        4


Dungeon Overview and Level Annotations

Branches:
Dungeon (6/15)
 Temple: D:4-7

Altars:
Elyvilon
Kikubaaqudgha
Okawaru
Ru
Vehumet
Zin
The Shining One

Shops:
D:1 *   D:2 :=   D:4 :*!

Annotations:
D:3 1 runed translucent door, Dynojp's ghost, amateur MiCK


Innate Abilities, Weirdness & Mutations

You can wield a second weapon in your off-hand.
It takes a long time for you to wield or remove held weapons.
Your first few attacks do less damage.
Your grasper-arms cannot wear rings.


Message History

A hornet comes into view.
The hornet buzzes angrily.
The hornet stings you.
You feel yourself slow down.
A hornet is nearby!
You closely miss the hornet with your +0 dagger of electrocution.
You closely miss the hornet with your +0 long sword.
You feel yourself speed up. The hornet barely misses you.
You hit the hornet but do no damage. Lightning courses through the hornet!
The hornet is moderately wounded.
You hit the hornet but do no damage. The hornet stings you!
You suddenly lose the ability to move!
The hornet stings you.
You are poisoned.
You shrug off the repeated paralysis!
You feel very sick. The hornet stings you!
* * * LOW HITPOINT WARNING * * *
You feel yourself slow down.
You feel yourself speed up.
You feel sick. The hornet stings you!
* * * LOW HITPOINT WARNING * * *
You feel yourself slow down. The hornet stings you!
* * * LOW HITPOINT WARNING * * *
You are lethally poisoned!
You feel as though you will be slow longer.
You can move again.
Okay, then.
Aiming: Mindburst
Press: ? - help, Shift-Dir - straight line, f - hornet
Aim: a hornet (moderately wounded, chance to affect: 55%)
The hornet's mind is blasted.
* * * LOW HITPOINT WARNING * * *
You feel very sick. The hornet closely misses you. x2
Aiming: Mindburst
Press: ? - help, Shift-Dir - straight line, f/p - hornet
Aim: a hornet (heavily wounded, chance to affect: 55%)
The hornet resists with significant effort.
You feel yourself speed up.
You die...

## ## #. .# .#.
#### ... # ..# #.#
#.##.# #.# ##....#
###.#### #......
#.@....## ###.####.
#y#.#.).###.#....>.
#.#..#)#.#.#...###.
#.#.......###......
#.##.#.#.#.#...###.
........###.#..# #.
#.##........#..# #.
#. ##...###....# ##
##.## ####.#


You could see a hornet.

Vanquished Creatures
  Menkaure (D:6)
  5 ogres
  2 phantoms (D:4)
  Blork the orc (D:5)
  A scorpion (D:4)
  3 bombardier beetles
  3 hounds (D:5)
  2 sleepcaps
  Jessica (D:2)
  Ijyb (D:5)
  An iguana (D:5)
  Natasha (thrice) (D:2)
  3 orc wizards (D:5)
  6 adders
  A shadow imp (D:6)
  2 ufetubi (D:6)
  A dart slug (D:4)
  9 orcs
  7 ball pythons
  7 endoplasms
  A giant cockroach (D:3)
  6 goblins
  6 hobgoblins
  8 jackals (D:1)
  3 quokkas
  3 bats
  2 frilled lizards
  7 kobolds
  3 rats
99 creatures vanquished.

Notes
Turn   | Place    | Note
-------+----------+-------------------------------------------
     0 | D:1      | lunkers the Coglin Gladiator began the quest for the Orb.
     0 | D:1      | Reached XP level 1. HP: 16/16 MP: 1/1
   214 | D:1      | Reached XP level 2. HP: 22/22 MP: 2/2
   327 | D:1      | Reached skill level 4 in Long Blades
   405 | D:1      | Reached XP level 3. HP: 27/27 MP: 3/3
   408 | D:1      | Found Kebupe's Assorted Antiques.
  1381 | D:2      | Noticed Natasha
  1386 | D:2      | Killed Natasha
  1387 | D:2      | Reached XP level 4. HP: 24/33 MP: 4/4
  1469 | D:2      | Noticed Natasha
  1476 | D:2      | Killed Natasha
  1477 | D:2      | Reached skill level 5 in Long Blades
  1657 | D:2      | Noticed Natasha
  1663 | D:2      | Killed Natasha
  1729 | D:2      | Found Ynibb's Book Shop.
  1753 | D:2      | Reached XP level 5. HP: 38/38 MP: 5/5
  1816 | D:2      | Found Tihesush's Jewellery Emporium.
  1874 | D:2      | Found a radiant altar of Vehumet.
  1880 | D:2      | Reached skill level 6 in Long Blades
  1956 | D:2      | Noticed Jessica
  1963 | D:2      | Killed Jessica
  2320 | D:3      | Found a faded altar of an unknown god.
  2493 | D:3      | Identified the +2 robe of Peek-a-Boo {rC+ Int+3}
  3013 | D:3      | Found a runed translucent door.
  3017 | D:3      | Noticed Dynojp's ghost (amateur MiCK)
  3065 | D:4      | Noticed a phantom
  3070 | D:4      | Reached XP level 6. HP: 38/44 MP: 6/6
  3086 | D:4      | Reached skill level 7 in Long Blades
  3367 | D:4      | Reached XP level 7. HP: 49/50 MP: 7/7
  3393 | D:4      | Found Pyarr's Assorted Antiques.
  3393 | D:4      | Found Ashraast's Distillery.
  3395 | D:4      | Found Qoser's Book Shoppe.
  3422 | D:4      | Found a sacrificial altar of Ru.
  3423 | D:4      | Found a white marble altar of Elyvilon.
  3425 | D:4      | Found a glowing golden altar of the Shining One.
  3427 | D:4      | Found an iron altar of Okawaru.
  3428 | D:4      | Found an ancient bone altar of Kikubaaqudgha.
  3475 | D:4      | Reached skill level 8 in Long Blades
  3714 | D:5      | Entered Level 5 of the Dungeon
  3824 | D:5      | Noticed Ijyb
  3831 | D:5      | Killed Ijyb
  3999 | D:5      | Noticed Blork the orc
  4007 | D:5      | Killed Blork the orc
  4141 | D:5      | Reached skill level 9 in Long Blades
  4269 | D:5      | Found a glowing silver altar of Zin.
  4269 | D:5      | Noticed an angel
  4468 | D:5      | Reached XP level 8. HP: 53/56 MP: 8/8
  4613 | D:5      | Reached skill level 10 in Long Blades
  4832 | D:6      | Noticed Menkaure
  4839 | D:6      | Killed Menkaure
  4990 | D:6      | Noticed a hornet
  4992 | D:6      | Paralysed by a hornet for 2 turns
  4995 | D:6      | HP: 2/56 [poisoned by a hornet]
  4996 | D:6      | Succumbed to a hornet's poison

Illustrated notes

Levels and vault maps discovered:
D:1:      sevenhm_arrival_forest_fort_large_3, layout_basic, serial_shops,
          nicolae_shop_dealshenge
D:2:      layout_basic, serial_shops, nicolae_shop_gaudy_bauble,
          nicolae_diamond_shop, basic_altar, uniq_jessica, uniq_natasha
D:3:      layout_loops_corners, hellmonk_ecumenical_altar_zigzags,
          ebering_ghost_sewer_d
D:4:      layout_cave_pools, grunt_temple_overflow_open,
          nicolae_shop_distant_corner_stores
D:5:      layout_gridville, zin_angel, serial_glass, glass_columns_b,
          glass_columns_a, minmay_strange_pillars, minmay_strange_pillars,
          due_unseen_surprise, minmay_diced_spiral, uniq_ijyb,
          uniq_blork_the_orc
D:6:      layout_loops_ring, worldfamousw_hep_ancestral_shrine,
          minmay_temple_entry_glass, serial_bayou_pond_e, uniq_menkaure

Skill      XL: |  1  2  3  4  5  6  7  8 |
---------------+-------------------------+-----
Long Blades    | 4 5 6 7 9 10 | 10.9
Fighting       | |  2.0
Throwing       | |  1.7
Dodging        | |  2.6

Action                     |  1- 3 |  4- 6 |  7- 9 || total
---------------------------+-------+-------+-------++-------
  Melee: Long sword        |   100 |   105 |    95 ||   300
         Dagger            |       |    60 |    92 ||   152
  Evoke: Wand              |       |       |     2 ||     2
 Armour: Ring mail         |    91 |    75 |    56 ||   222
         Leather armour    |     1 |       |       ||     1
  Dodge: Dodged            |    70 |    52 |    36 ||   158
  Block: Other             |       |     8 |    10 ||    18
         Reflection        |       |       |     1 ||     1

Table legend: (Time is in decaauts)
 A = Elapsed time spent in this place.
 B = Non-inter-level travel time spent in this place.
 C = Inter-level travel time spent in this place.
 D = Time resting spent in this place.
 E = Time spent auto-exploring this place.
 F = Levels seen in this place.
 G = Mean time per level.
                   A        B        C        D        E       F      G
               +--------+--------+--------+--------+--------+-----+--------+
         Total |   5015 |   4802 |    213 |      0 |   4124 |   6 |  835.8 |
       Dungeon |   5015 |   4802 |    213 |      0 |   4124 |   6 |  835.8 |
               +--------+--------+--------+--------+--------+-----+--------+

Top non-repeatable levels by time:
     D:1: 1395 daAuts
     D:5: 1085 daAuts
     D:3: 891 daAuts
     D:2: 808 daAuts
     D:4: 651 daAuts
     D:6: 182 daAuts
